 Dungeon Crawl Stone Soup version 0.22.1-1-ga44c0e5 (webtiles) character file.

905 Yerrow the Cudgeler (level 7, 55/55 HPs)
             Began as a Demonspawn Abyssal Knight on Oct 20, 2018.
             Was an Elder of Lugonu.
             Quit the game on level 5 of the Dungeon.
             The game lasted 00:21:24 (5015 turns).

Yerrow the Cudgeler (Demonspawn Abyssal Knight)     Turns: 5015, Time: 00:21:25

Health: 55/55      AC: 12    Str: 14    XL:     7   Next: 80%
Magic:  9/9        EV: 10    Int: 13    God:    Lugonu [****..]
Gold:   132        SH:  0    Dex: 13    Spells: 6/6 levels left

rFire    . . .     SeeInvis .   o - +1 flail (protect)
rCold    + . .     Gourm    .   (no shield)
rNeg     . . .     Faith    .   s - +0 scale mail
rPois    .         Spirit   +   w - +0 helmet
rElec    .         Reflect  .   C - scarf {Spirit}
rCorr    +         Harm     .   r - +0 pair of gloves
MR       +....                  (no boots)
Stlth    +.........             m - amulet of guardian spirit
HPRegen  0.18/turn              e - ring of resist corrosion
MPRegen  0.11/turn              u - ring of protection from magic

@: no status effects
A: slimy green scales 2, cold resistance 1, nightstalker 1
a: Depart the Abyss, Bend Space, Banish, Corrupt, Renounce Religion


You were on level 5 of the Dungeon.
You worshipped Lugonu.
Lugonu was greatly pleased with you.
You were not hungry.

You visited 1 branch of the dungeon, and saw 5 of its levels.
You visited the Abyss 1 time.

You collected 182 gold pieces.
You spent 50 gold pieces at shops.

Inventory:

Hand Weapons
 o - a +1 flail of protection (weapon)
Missiles
 l - 182 stones (quivered)
Armour
 r - a +0 pair of gloves (worn)
 s - a +0 scale mail (worn)
 w - a +0 helmet (worn)
 C - a scarf of spirit shield (worn)
Jewellery
 e - a ring of resist corrosion (left hand)
 m - an amulet of guardian spirit (around neck)
 n - an uncursed ring of see invisible
 u - a ring of protection from magic (right hand)
Wands
 q - a wand of enslavement (15)
 B - a wand of iceblast (12)
Scrolls
 d - a scroll of blinking {unknown}
 f - 7 scrolls of identify
 g - 2 scrolls of magic mapping {unknown}
 h - a scroll of amnesia {unknown}
 i - 2 scrolls of fog {unknown}
 k - a scroll of enchant armour {unknown}
 p - 4 scrolls of teleportation {unknown}
 t - 3 scrolls of remove curse
 y - a scroll of enchant weapon {unknown}
Potions
 a - 2 potions of lignification
 b - a potion of heal wounds {unknown}
 j - a potion of haste {unknown}
 v - a potion of agility {unknown}
 x - 2 potions of invisibility {unknown}
 z - 2 potions of curing {unknown}
Comestibles
 c - 10 rations
 A - 2 chunks of flesh


   Skills:
 + Level 4.5 Fighting
 + Level 5.8 Maces & Flails
 + Level 1.3 Throwing
 + Level 3.2 Armour
 + Level 3.0 Dodging
 + Level 1.4 Stealth
 + Level 2.8 Invocations


You had 6 spell levels left.
You didn't know any spells.
Your spell library was empty.

Dungeon Overview and Level Annotations

Branches:
Dungeon (5/15)             Temple (0/1) D:5

Altars:
Fedhas
Qazlal
Trog
The Shining One

Shops:
D:4 (   D:5 !?*

Annotations:
D:2 Sigmund


Innate Abilities, Weirdness & Mutations

You are mostly covered in slimy green scales. (AC +3)
Your flesh is cold resistant. (rC+)
You are slightly more attuned to the shadows.


Message History

Eating one of 3 chunks of flesh.
You eat one of the 3 chunks of flesh.
This raw flesh tastes terrible.
You open the door.
There is an open door here.
There is an open door here.
Found a stone staircase leading up.
c - 10 rations (gained 1)
p - 4 scrolls labeled TOICAN JIYHI (gained 1)
f - 7 scrolls of identify (gained 1)
l - 182 stones (gained 17)
Found 3 tomahawks.
Found a stone staircase leading down.
There is a stone staircase leading down here.
Found Nevvyclu's General Store.
There is a fountain of clear blue water here.
Found a stone staircase leading down.
There is an entrance to Nevvyclu's General Store here.
Quiver which item? (- for none, * to show all) (? for menu, Esc to quit)
Okay, then.
Are you sure you want to abandon this character and quit the game? (Confirm

...# ...# ...#
...# ...# ...#
#..###+#
..########
........
>....⌠.⌠.#
.......#
#..@..#
........
##⌠.⌠.#
.##..... ####.#
..#####.
######.# ...#
#......# ...#
#.###### .#.##
####+##.#
.#..###.....#.#
.....##...[.#.#


There were no monsters in sight!

Vanquished Creatures
  An ogre (D:4)
  A centaur (D:5)
  A scorpion (D:4)
  2 howler monkeys
  A crimson imp (D:4)
  2 hounds
  A jelly (D:4)
  2 orc wizards (D:4)
  5 worker ants
  2 iguanas
  A hound zombie (D:5)
  A hound skeleton (D:4)
  5 adders
  4 gnolls (D:2)
  A shadow imp (D:5)
  2 oozes
  3 adder skeletons
  4 dart slugs
  2 worms
  2 leopard geckos (D:4)
  15 orcs
  6 giant cockroaches
  12 goblins
  9 hobgoblins
  4 jackals
  2 ball pythons
  6 bats
  3 frilled lizards
  A giant cockroach zombie (D:5)
  3 kobolds
  A quokka skeleton (D:5)
  8 rats
113 creatures vanquished.

Notes
Turn   | Place    | Note
-------+----------+-------------------------------------------
     0 | Abyss:1  | Yerrow the Demonspawn Abyssal Knight began the quest for
                  | the Orb.
     0 | Abyss:1  | Reached XP level 1. HP: 18/18 MP: 2/2
     5 | D:1      | Escaped the Abyss
    52 | D:1      | Reached skill level 2 in Maces & Flails
   139 | D:1      | Gained mutation: You are slightly more attuned to the
                  | shadows. [demonic ancestry]
   139 | D:1      | Reached XP level 2. HP: 23/24 MP: 3/3
   323 | D:1      | Reached ** piety under Lugonu
   477 | D:2      | Gained mutation: You are partially covered in slimy green
                  | scales. (AC +2) [demonic ancestry]
   477 | D:2      | Reached XP level 3. HP: 27/29 MP: 5/5
   491 | D:2      | Reached skill level 1 in Dodging
   808 | D:2      | Gained mutation: Your flesh is cold resistant. (rC+)
                  | [demonic ancestry]
   808 | D:2      | Reached XP level 4. HP: 12/35 MP: 6/6
  1338 | D:2      | Noticed Sigmund
  1465 | D:2      | Found a stormy altar of Qazlal.
  1466 | D:2      | Noticed a fire elemental
  1466 | D:2      | Noticed a water elemental
  1468 | D:2      | Noticed an earth elemental
  1468 | D:2      | Noticed an air elemental
  1814 | D:3      | Found a blossoming altar of Fedhas.
  1877 | D:3      | Reached *** piety under Lugonu
  1928 | D:3      | Reached skill level 3 in Maces & Flails
  2042 | D:3      | Gained mutation: You are mostly covered in slimy green
                  | scales. (AC +3) [demonic ancestry]
  2042 | D:3      | Reached XP level 5. HP: 34/42 MP: 7/7
  2183 | D:3      | Found a glowing golden altar of the Shining One.
  2398 | D:3      | Found a bloodstained altar of Trog.
  2909 | D:4      | Reached skill level 1 in Throwing
  3097 | D:4      | Reached skill level 4 in Maces & Flails
  3097 | D:4      | Reached XP level 6. HP: 44/48 MP: 8/8
  3399 | D:4      | Found Rath's Weapon Emporium.
  3929 | D:4      | Reached XP level 7. HP: 54/54 MP: 9/9
  4246 | D:4      | Reached skill level 5 in Maces & Flails
  4298 | D:5      | Entered Level 5 of the Dungeon
  4306 | D:5      | Reached **** piety under Lugonu
  4306 | D:5      | Reached skill level 1 in Stealth
  4716 | D:5      | Found Okhlocue's Distillery.
  4723 | D:5      | Found a staircase to the Ecumenical Temple.
  4780 | D:5      | Found Zangun's Magic Scroll Shop.
  4786 | D:5      | Bought a scroll of identify for 20 gold pieces
  4787 | D:5      | Bought a scroll of remove curse for 30 gold pieces
  5011 | D:5      | Found Nevvyclu's General Store.
  5015 | D:5      | Quit the game

Skill      XL: |  1  2  3  4  5  6  7 |
---------------+----------------------+-----
Maces & Flails | 2 3 4 5 |  5.8
Armour         | 2 3 |  3.2
Dodging        | 1 2 3 |  3.0
Fighting       | 4 |  4.5
Throwing       | 1 |  1.3
Stealth        | 1 |  1.4
Invocations    | |  2.8

Action                   |  1- 3 |  4- 6 |  7- 9 || total
-------------------------+-------+-------+-------++-------
Melee: Mace              |    89 |     9 |       ||    98
       Flail             |       |   233 |   134 ||   367
Throw: Stone             |    13 |    83 |    21 ||   117
  Use: Scroll            |       |       |     1 ||     1
 Stab: Sleeping          |     2 |     3 |       ||     5
  Eat: Chunk             |       |    10 |     4 ||    14
Armor: Leather armour    |    33 |    59 |       ||    92
       Scale mail        |       |    61 |    99 ||   160
Dodge: Dodged            |    76 |   134 |    85 ||   295
